 Dungeon Crawl Stone Soup version 0.21-a0-267-ga5fc350 (webtiles) character file.

141 Merkurius the Vexing (level 5, -2/21 HPs)
             Began as a Spriggan Enchanter on Sept 13, 2017.
             Slain by an orc
             ... wielding a +0 club
              (5 damage)
             ... on level 3 of the Dungeon.
             The game lasted 00:09:00 (3377 turns).

Merkurius the Vexing (Spriggan Enchanter)           Turns: 3377, Time: 00:09:00

Health: -2/21      AC:  3    Str:  4    XL:     5   Next: 3%
Magic:  5/13       EV: 18    Int: 18    God:
Gold:   113        SH:  4    Dex: 16    Spells: 4/13 levels left

rFire    + . .     SeeInvis +   a - +2 dagger
rCold    + . .     Gourm    .   (shield restricted)
rNeg     . . .     Faith    .   b - +1 robe
rPois    +         Spirit   .   (helmet restricted)
rElec    +         Reflect  .   (no cloak)
rCorr    +         Harm     .   (gloves unavailable)
MR       .....                  (boots unavailable)
Stlth    +++.......             (no amulet)
HPRegen  0.07/turn              (no ring)
MPRegen  0.13/turn              (no ring)

@: resistant, hasted, very quick
A: unfitting armour, large bone plates 1, see invisible, herbivore 3, speed 3,
frail 1, slow metabolism 2
a: no special abilities


You were on level 3 of the Dungeon.
You were not hungry.

You visited 1 branch of the dungeon, and saw 3 of its levels.

You collected 113 gold pieces.

Inventory:

Hand Weapons
 a - a +2 dagger (weapon)
Armour
 b - a +1 robe (worn)
Scrolls
 f - a scroll of identify
 j - a scroll of teleportation
Potions
 h - a potion of cancellation {unknown}
 i - a potion of agility {unknown}
Books
 c - a book of Maledictions

   Spells                             Type                      Level
   a - Corona                         Hexes                        1
   b - Ensorcelled Hibernation        Hexes/Ice                    2
   c - Confuse                        Hexes                        3
   d - Tukima's Dance                 Hexes                        3
   e - Dazzling Spray                 Conjuration/Hexes            3
Comestibles
 d - a bread ration


   Skills:
 - Level 1.1 Short Blades
 - Level 3.0 Dodging
 - Level 4.4 Stealth
 + Level 4.7 Spellcasting
 + Level 5.6 Hexes


You had 4 spell levels left.
You knew the following spells:

 Your Spells              Type           Power        Failure   Level  Hunger
a - Ensorcelled Hibernat  Hex/Ice        ##....       6%          2    #......
b - Corona                Hex            ###....      1%          1    None
c - Confuse               Hex            ###.....     4%          3    ###....
d - Tukima's Dance        Hex            ###.....     4%          3    ###....


Dungeon Overview and Level Annotations

Branches:
Dungeon (3/15)

Altars:
Kikubaaqudgha
Qazlal
Xom


Innate Abilities, Weirdness & Mutations

You are very small and have problems with some larger weapons.
You are too small for most types of armour.
You have supernaturally acute eyesight. (SInv)
You are a herbivore.
You cover ground extremely quickly.
You need consume almost no food.
You are partially covered in large bone plates. (SH +4)
You are frail. (-10% HP)


Message History

You block the orc priest's attack.
You hit the orc priest.
The orc priest is almost dead.
The orc wizard mumbles some strange words.
The orc wizard seems to speed up.
The orc priest misses you.
You strike the helpless orc priest from behind!
You puncture the orc priest!
You kill the orc priest!
You have reached level 5!
You feel clever.
The orc wizard casts a spell.
The orc wizard blinks!
The orc wizard hits you with a dagger.
* * * LOW HITPOINT WARNING * * *
It was a potion of resistance.
You feel protected. The orc barely misses you.
The orc wizard hits you with a dagger.
* * * LOW HITPOINT WARNING * * *
It was a potion of haste.
You feel yourself speed up. You block the orc wizard's attack.
The orc hits you with a club.
You die...

..#..##.# #.# # #.... .......
#.#.... ....... #####+###.#....
#.#...# ##...............
#................ #...... #......
# #..... #...... ..
########.#.#######.#...l ..<....
.....oo@o.............>.
......###########.#.##...........
........ ........# # ###.#...S
#...... ########.#.# #.#....
...... ....#####.#.##.####.#....
##..#.............!..............
##..##..########..#.##"###..#....
..................#... ........).
##.(##..########.#####.###.#....#


You could see an orc wizard and 2 orcs.

Vanquished Creatures
  An orc priest (D:3)
  A gnoll (D:1)
  4 adders
  A worm (D:2)
  3 dart slugs
  2 leopard geckos
  5 giant cockroaches
  6 goblins
  2 hobgoblins (D:3)
  8 jackals
  4 bats
  4 frilled lizards
  11 kobolds
  9 rats
61 creatures vanquished.

Notes
Turn   | Place    | Note
-------+----------+-------------------------------------------
     0 | D:1      | Merkurius the Spriggan Enchanter began the quest for the Orb.
     0 | D:1      | Reached XP level 1. HP: 9/9 MP: 5/5
   555 | D:1      | Reached XP level 2. HP: 10/13 MP: 4/7
   556 | D:1      | Reached skill level 4 in Hexes
   617 | D:1      | Learned a level 2 spell: Ensorcelled Hibernation
  1115 | D:2      | Reached XP level 3. HP: 14/16 MP: 3/9
  1120 | D:2      | Learned a level 3 spell: Confuse
  1124 | D:2      | Learned a level 3 spell: Tukima's Dance
  1457 | D:2      | Found a stormy altar of Qazlal.
  1603 | D:1      | Gained mutation: You are frail. (-10% HP) [potion of mutation]
  1603 | D:1      | Gained mutation: You are partially covered in large bone plates. (SH +4) [potion of mutation]
  2203 | D:2      | Reached skill level 5 in Hexes
  2462 | D:2      | Found an ancient bone altar of Kikubaaqudgha.
  2462 | D:2      | Found a shimmering altar of Xom.
  2623 | D:2      | Reached XP level 4. HP: 18/18 MP: 11/11
  3375 | D:3      | Reached XP level 5. HP: 9/21 MP: 4/13
  3377 | D:3      | Slain by an orc

Vault maps used:
D:1:      nzn_arrival_crosshair
D:2:      gammafunk_temple_overflow_statue, grunt_qazlal_clouds, first_bread,
          minmay_cupped
D:3:      chequers_temple_overflow_statue_of_worship, marbit_many_paths,
          st_stairs_14, amethyst_killhole, uniq_robin

Skill      XL: |  1  2  3 |
---------------+----------+-----
Spellcasting   | 3 4 |  4.7
Hexes          | 4 5 |  5.6
Short Blades   | |  1.1
Dodging        | |  3.0
Stealth        | |  4.4

Action                   |  1- 3 |  4- 6 || total
-------------------------+-------+-------++-------
Melee: Dagger            |   143 |    46 ||   189
 Cast: Corona            |    16 |     1 ||    17
       Ensorcelled Hiber |    25 |     6 ||    31
       Tukima's Dance    |     1 |       ||     1
       Confuse           |       |     1 ||     1
  Use: Scroll            |     7 |     1 ||     8
       Potion            |     2 |     2 ||     4
 Stab: Sleeping          |    20 |    12 ||    32
       Distracted        |       |     1 ||     1
       Confused          |       |     1 ||     1
  Eat: Bread ration      |     1 |       ||     1
Armor: Robe              |     7 |     3 ||    10
Dodge: Dodged            |   110 |    30 ||   140
Block: Other             |     5 |     4 ||     9

Table legend:
 A = Spawn XP
 B = Non-spawn XP
 C = Spawn XP percentage of total XP
 D = Spawn monster count
 E = Non-spawn monster count
 F = Spawn count percentage of total count
 G = Total turns spent on level
                    A         B        C        D         E        F      G
               +---------+---------+-------+---------+---------+-------+---------
         Total |       0 |     202 |   0.0 |       0 |      61 |   0.0 |  3377
               +---------+---------+-------+---------+---------+-------+---------
           D:1 |       0 |      44 |   0.0 |       0 |      21 |   0.0 |  1651
           D:2 |       0 |      59 |   0.0 |       0 |      22 |   0.0 |  1188
           D:3 |       0 |      99 |   0.0 |       0 |      18 |   0.0 |   538
               +---------+---------+-------+---------+---------+-------+---------
